 Dungeon Crawl Stone Soup version 0.19.1 (webtiles) character file.

71981 Gargoyl the Severer (level 15, -7/130 HPs)
             Began as a Ghoul Abyssal Knight on Dec 12, 2016.
             Was the Champion of Lugonu.
             Mangled by an orc warrior
             ... wielding a +2 trident of flaming
              (16 damage)
             ... on level 2 of the Orcish Mines on Dec 14, 2016.
             The game lasted 00:55:08 (18541 turns).

Gargoyl the Severer (Ghoul Abyssal Knight)         Turns: 18541, Time: 00:55:09

Health: -7/130     AC: 26    Str: 25    XL:     15   Next: 38%
Magic:  23/23      EV: 11    Int:  7    God:    Lugonu [******]
Gold:   2215       SH:  0    Dex: 16    Spells: 0 memorised, 14 levels left

rFire  + . .     SeeInvis +     n - +9 battleaxe
rCold  + + .     Gourm    .     y - +4 chain mail {MR+}
rNeg   + + +     Faith    .     (shield currently unavailable)
rPois  ∞         Spirit   .     q - +2 helmet {SInv}
rElec  .         Reflect  .     g - +1 cloak "Hizudunta" {rC+ Regen+ rCorr Slay+2}
rCorr  +         Harm     .     u - +2 pair of gloves
MR     ++...                    (no boots)
Stlth  ..........               (no amulet)
                                G - +4 ring of dexterity
                                h - ring "Hialuc" {rF+ Str+3 Dex+3}

@: rotting
A: rotting body, claws 1, carnivore 3, cold resistance 1, negative energy
resistance 3, slow regeneration 1, torment resistance, unbreathing
a: Depart the Abyss, Bend Space, Banish, Corrupt, Enter the Abyss, Brand Weapon
With Distortion, Renounce Religion


You were on level 2 of the Orcish Mines.
You worshipped Lugonu.
Lugonu was exalted by your worship.
You were not hungry.

You visited 3 branches of the dungeon, and saw 20 of its levels.
You visited the Abyss 2 times.
You also visited: Labyrinth, Bailey and Ice Cave.

You collected 2260 gold pieces.
You spent 45 gold pieces at shops.

Inventory:

Hand Weapons
 d - a +3 battleaxe
 n - a +9 battleaxe (weapon)
Missiles
 K - 3 javelins (quivered)
Armour
 g - the +1 cloak "Hizudunta" (worn) {rC+ Regen+ rCorr Slay+2}
   (You found it on level 2 of the Abyss)

   It affects your accuracy and damage with ranged weapons and melee attacks
   (+2).
   It protects you from cold.
   It increases your rate of regeneration.
   It protects you from acid and corrosion.
 q - a +2 helmet of see invisible (worn)
 u - a +2 pair of gloves (worn)
 y - a +4 chain mail of magic resistance (worn)
Jewellery
 a - an uncursed ring of protection from cold
 h - the ring "Hialuc" (left hand) {rF+ Str+3 Dex+3}
   (You found it on level 2 of the Abyss)

   [ring of protection from fire]

   It affects your strength (+3).
   It affects your dexterity (+3).
   It protects you from fire.
 p - a +3 ring of evasion
 r - an uncursed ring of protection from fire
 G - a +4 ring of dexterity (right hand)
 P - an uncursed ring of protection from cold
 R - an uncursed ring of resist corrosion
Wands
 j - a wand of disintegration (10/24)
 o - a wand of acid (9/15)
 w - a wand of flame (14/48)
 x - a wand of confusion (24/48)
 z - a wand of slowing (21/48)
 A - a wand of iceblast (7/15)
 L - a wand of slowing (22/48)
 Q - a wand of iceblast (8/15)
 S - a wand of digging (19/24)
Scrolls
 m - 2 scrolls of identify
 s - 8 scrolls of remove curse
 D - 2 scrolls of enchant armour
 E - 5 scrolls of teleportation
 F - a scroll of fear
 H - a scroll of amnesia
 I - a scroll of recharging
 J - 2 scrolls of magic mapping
 N - a scroll of blinking
 X - a scroll of fog
Potions
 b - 2 potions of magic
 e - 2 potions of invisibility
 f - a potion of might
 k - 4 potions of flight
 t - 2 potions of agility
 v - 2 potions of curing
 M - a potion of resistance
 O - 2 potions of beneficial mutation {unknown}
 T - a potion of brilliance {unknown}
Books
 B - a book of Cantrips

   Spells                             Type                      Level
   a - Confusing Touch                Hexes                        1
   b - Animate Skeleton               Necromancy                   1
   c - Summon Small Mammal            Summoning                    1
   d - Apportation                    Translocation                1
Comestibles
 c - 12 meat rations
 i - 3 royal jellies
 C - 2 beef jerkies
 U - 3 slices of pizza


   Skills:
 + Level 11.6 Fighting
 + Level 15.3 Axes
 * Level 12.5 Armour
 + Level 3.2 Dodging
 * Level 12.5 Invocations
 + Level 0.6 Evocations


You had 14 spell levels left.
You didn't know any spells.

Dungeon Overview and Level Annotations

Branches:
Dungeon (12/15)            Temple (0/1) D:6            Lair (6/6) D:10
  Swamp (0/4) Lair:3       Spider (0/4) Lair:2        Slime (0/5) Lair:6
    Orc (2/2) D:11
    Elf: Orc:2

Altars:
Fedhas
Gozag
Hepliaklqana
Kikubaaqudgha
Makhleb
Okawaru
Qazlal
Ru
Xom
Zin
The Shining One
Jiyva

Shops:
D:9 [?   Orc:2 !

Annotations:
Lair:6 1 runed door


Innate Abilities, Weirdness & Mutations

Your body is rotting away.
You thrive on raw meat.
You are immune to poison.
You have sharp fingernails.
You are carnivorous and can eat meat at any time.
Your flesh is cold resistant. (rC+)
You are immune to negative energy. (rN+++)
You regenerate slowly when monsters are visible.
You are immune to unholy pain and torment.
You can survive without breathing.


Message History

* * * LOW HITPOINT WARNING * * *
This raw flesh tastes great!
You closely miss the orc knight.
The orc knight is heavily wounded.
You slice the orc high priest!! You hit the orc knight.
The orc knight roars a battlecry!
The orcs go into a battle-frenzy!
The neqoxec gestures.
The orc high priest hits you but does no damage.
The orc knight hits you with an enchanted battleaxe!!
* * * LOW HITPOINT WARNING * * *
The orc warrior hits you but does no damage.
The orc high priest hits you but does no damage.
Eat one of 2 chunks of flesh? (ye/n/q)
You start eating one of the 2 chunks of flesh.
The orc sorcerer mumbles some strange words.
The orc knight misses you.
The orc high priest hits you but does no damage.
The orc warrior hits you from afar with a trident of flaming!
You die...

.#####.##..####..
...##.##### #.. #
o..##.# ##. .
...##.# #. #. #o
##..##..# ##
#55#4##...##.##
#55oo4o.##..#
#3oooo##..##
#@o..## ######


You could see 3 orc knights, 2 orc high priests, an ice devil, a neqoxec, 2 orc
sorcerers, a red devil, 2 orc warriors, an iron imp, an orc wizard, a quasit, a
white imp and a shadow imp.

Vanquished Creatures
  Frances (D:12)
  Gastronok (D:12)
  An orc warlord (Bailey)
  Nessos (D:12)
  Snorg (D:12)
  A minotaur (Lab)
  Josephine (D:12)
  Erolcha (D:11)
  The ghost of ImaNewbie the Basher, a journeyman GrMo of Ashenzari (IceCv)
  An ice dragon (IceCv)
  Harold (D:11)
  2 catoblepae
  Erica (D:11)
  A death yak (Lair:4)
  The ghost of Aksej the Cleaver, a novice DsGl (Bailey)
  A queen ant (Lair:4)
  Sonja (Lair:2)
  3 unseen horrors
  5 hill giants
  A wolf spider (Lair:6)
  3 orc sorcerers (Orc:2)
  An ugly thing (D:11)
  3 elephants (Lair:4)
  13 black mambas
  2 ice statues (IceCv)
  A guardian serpent (Lair:6)
  Psyche (D:11)
  A torpor snail (Lair:6)
  16 spiny frogs
  2 centaur skeletons
  A gargoyle (D:10)
  8 komodo dragons
  3 rime drakes
  2 ice devils (Lair:1)
  2 two-headed ogres
  3 trolls
  4 hornets
  A tyrant leech (Lair:3)
  Prince Ribbit (D:8)
  4 polar bears (Lair:5)
  3 dream sheep (Lair:6)
  9 hippogriffs
  16 blink frogs
  2 raiju (Abyss:2)
  Sigmund (D:5)
  A redback (Lair:6)
  12 wyverns
  4 wraiths
  A spriggan (D:7)
  A steam dragon (D:10)
  19 yaks
  4 basilisks
  A mottled dragon (D:11)
  A hungry ghost (D:7)
  Edmund (D:6)
  A warg (Orc:2)
  12 water moccasins
  5 hell hounds (Abyss:1)
  20 soldier ants (Lair:3)
  15 porcupines
  16 ice beasts
  13 orc warriors
  A black bear (D:4)
  A phantom (D:4)
  3 sky beasts
  9 ogres
  10 wolves (Lair:5)
  5 centaurs
  20 crocodiles
  A big kobold (D:7)
  14 bullfrogs
  A wyvern skeleton (D:10)
  3 scorpions
  3 killer bees (D:7)
  10 wights
  2 electric eels (Lair:2)
  6 howler monkeys
  5 crimson imps
  2 bullfrog zombies (D:11)
  A centaur zombie (D:8)
  7 hounds
  3 jellies
  Crazy Yiuf (D:2)
  10 orc priests
  16 orc wizards
  Jessica (D:2)
  11 iguanas
  A bullfrog skeleton (D:11)
  Natasha (thrice) (D:3)
  26 worker ants
  Terence (D:2)
  A howler monkey zombie (D:11)
  A gnoll (Bailey)
  25 adders
  3 river rats
  3 shadow imps
  An ooze (D:5)
  2 adder skeletons
  A worm (D:5)
  2 dart slugs
  5 leopard geckos
  42 orcs
  5 giant cockroaches
  15 goblins
  10 hobgoblins
  10 jackals
  7 quokkas
  2 ball pythons
  6 bats
  9 frilled lizards
  19 kobolds
  8 rats
  A fungus (Lair:2)
  2 plants (Lair:6)
614 creatures vanquished.

Vanquished Creatures (others)
  An orc warlord (Orc:2)
  An ice dragon (IceCv)
  6 hydras
  14 fungi
  11 plants (Lair:6)
33 creatures vanquished.

Grand Total: 647 creatures vanquished

Notes
Turn   | Place    | Note
-------+----------+-------------------------------------------
     0 | Abyss:1  | Gargoyl the Ghoul Abyssal Knight began the quest for the Orb.
     0 | Abyss:1  | Reached XP level 1. HP: 19/19 MP: 1/1
    93 | Abyss:1  | Found a corrupted altar of Lugonu.
   131 | Abyss:2  | Got a spiked cloak
   134 | Abyss:2  | Got a sparkling platinum ring
   157 | D:1      | Escaped the Abyss
   163 | D:1      | Identified the +1 cloak "Hizudunta" {rC+ Regen+ rCorr Slay+2} (You found it on level 2 of the Abyss)
   163 | D:1      | Identified the ring "Hialuc" {rF+ Str+3 Dex+3} (You found it on level 2 of the Abyss)
   329 | D:1      | Reached * piety under Lugonu
   342 | D:1      | Reached XP level 2. HP: 26/26 MP: 2/2
   761 | D:2      | Reached skill level 2 in Axes
   761 | D:2      | Reached XP level 3. HP: 29/33 MP: 3/3
   898 | D:2      | Noticed Jessica
   904 | D:2      | Killed Jessica
   904 | D:2      | Reached XP level 4. HP: 40/40 MP: 3/5
   936 | D:2      | Found a runed door.
   940 | D:2      | Noticed Crazy Yiuf
   944 | D:2      | Killed Crazy Yiuf
  1041 | D:2      | Noticed Terence
  1051 | D:2      | Killed Terence
  1051 | D:2      | Reached XP level 5. HP: 45/45 MP: 6/6
  1362 | D:2      | Reached skill level 3 in Axes
  1831 | D:3      | Reached ** piety under Lugonu
  2055 | D:3      | Noticed Natasha
  2070 | D:3      | Killed Natasha
  2162 | D:3      | Noticed Natasha
  2168 | D:3      | Killed Natasha
  2168 | D:3      | Reached XP level 6. HP: 43/52 MP: 7/7
  2570 | D:3      | Noticed Natasha
  2580 | D:3      | Killed Natasha
  2735 | D:4      | Reached skill level 4 in Axes
  2831 | D:4      | Found a burning altar of Makhleb.
  2852 | D:4      | Reached XP level 7. HP: 35/59 MP: 8/8
  3015 | D:4      | Reached skill level 5 in Axes
  3097 | D:4      | Found a burning altar of Makhleb.
  3102 | D:4      | Reached *** piety under Lugonu
  3107 | D:4      | Reached XP level 8. HP: 67/67 MP: 8/10
  3211 | D:4      | Reached skill level 5 in Armour
  3551 | D:4      | Reached skill level 1 in Dodging
  3707 | D:5      | Entered Level 5 of the Dungeon
  3707 | D:5      | Noticed Sigmund
  3747 | D:5      | Killed Sigmund
  3747 | D:5      | Reached skill level 6 in Axes
  3764 | D:5      | Found an opulent altar of Gozag.
  4004 | D:5      | Reached skill level 5 in Fighting
  4531 | D:5      | Reached XP level 9. HP: 74/74 MP: 11/11
  4541 | D:6      | Noticed Edmund
  4560 | D:6      | Killed Edmund
  4560 | D:6      | Reached skill level 7 in Axes
  4643 | D:6      | Reached skill level 5 in Invocations
  4749 | D:6      | Found a staircase to the Ecumenical Temple.
  5000 | D:6      | Found a hazy altar of Hepliaklqana.
  5000 | D:6      | Noticed a troll
  5001 | D:6      | Noticed a two-headed ogre
  5015 | D:6      | Killed a two-headed ogre
  5015 | D:6      | Reached **** piety under Lugonu
  5019 | D:6      | Killed a troll
  5046 | D:6      | Reached skill level 8 in Axes
  5189 | D:7      | Found a stormy altar of Qazlal.
  5307 | D:7      | Reached XP level 10. HP: 39/83 MP: 13/13
  5460 | D:7      | Found an iron altar of Okawaru.
  5461 | D:7      | Found a hazy altar of Hepliaklqana.
  5461 | D:7      | Found a stormy altar of Qazlal.
  5463 | D:7      | Found a glowing silver altar of Zin.
  5463 | D:7      | Found a shimmering altar of Xom.
  5465 | D:7      | Found an ancient bone altar of Kikubaaqudgha.
  5466 | D:7      | Found a glowing golden altar of the Shining One.
  5554 | D:7      | Found a sacrificial altar of Ru.
  6040 | D:8      | Reached skill level 9 in Axes
  6220 | D:8      | Noticed Prince Ribbit
  6234 | D:8      | Killed Prince Ribbit
  6475 | D:9      | Found a blossoming altar of Fedhas.
  6514 | D:9      | Found Waqiam's Armour Shoppe.
  6733 | D:9      | Found Wiarimian's Magic Scroll Shoppe.
  6747 | D:9      | Bought a scroll of fear for 45 gold pieces
  7138 | D:10     | Entered Level 10 of the Dungeon
  7186 | D:11     | Noticed Harold
  7308 | D:10     | Noticed a hill giant
  7316 | D:10     | Killed a hill giant
  7333 | D:10     | Reached ***** piety under Lugonu
  7372 | D:10     | Found a staircase to the Lair.
  7383 | Lair:1   | Entered Level 1 of the Lair of Beasts
  7383 | Lair:1   | Noticed a spiny frog
  7397 | Lair:1   | Killed a spiny frog
  7397 | Lair:1   | Reached XP level 11. HP: 33/92 MP: 15/15
  7523 | Lair:1   | Reached skill level 10 in Axes
  7675 | Lair:1   | Noticed a six-headed hydra
  7677 | Lair:1   | Banished a six-headed hydra
  8061 | Lair:1   | Found a frozen archway.
  8082 | IceCv    | Entered an ice cave
  8082 | IceCv    | Noticed ImaNewbie's ghost (journeyman GrMo)
  8116 | IceCv    | Killed ImaNewbie's ghost
  8228 | IceCv    | Reached skill level 11 in Axes
  8517 | IceCv    | Reached XP level 12. HP: 99/100 MP: 17/17
  8640 | IceCv    | Noticed an ice dragon
  8641 | IceCv    | Noticed an ice dragon
  8651 | IceCv    | Banished an ice dragon
  8660 | IceCv    | Killed an ice dragon
  9475 | Lair:2   | Found a hole to the Spider Nest.
  9549 | Lair:2   | Noticed Sonja
  9564 | Lair:2   | Cast into level 1 of the Abyss (Sonja)
  9564 | Abyss:1  | Found a corrupted altar of Lugonu.
  9669 | Lair:2   | Escaped the Abyss
  9891 | Lair:2   | Noticed a seven-headed hydra
  9896 | Lair:2   | Banished a seven-headed hydra
  9932 | Lair:2   | Killed Sonja
 10304 | Lair:3   | Reached skill level 12 in Axes
 10342 | Lair:3   | Reached skill level 10 in Armour
 10684 | Lair:3   | Noticed a queen ant
 10732 | Lair:3   | Reached skill level 10 in Invocations
 10780 | Lair:3   | Reached XP level 13. HP: 103/111 MP: 19/19
 10891 | Lair:3   | Found a staircase to the Swamp.
 11281 | Lair:4   | Found a labyrinth entrance.
 11317 | Lab      | Entered a labyrinth
 11690 | Lab      | Noticed a minotaur
 11704 | Lab      | Killed a minotaur
 11973 | Lair:4   | Reached skill level 13 in Axes
 12758 | Lair:5   | Reached skill level 10 in Fighting
 13713 | Lair:6   | Entered Level 6 of the Lair of Beasts
 14188 | Lair:6   | Reached XP level 14. HP: 83/122 MP: 21/21
 14477 | Lair:6   | HP: 1/122 [black mamba (9)]
 14482 | Lair:6   | HP: 3/122 [black mamba (7)]
 14684 | Lair:6   | Reached skill level 14 in Axes
 14811 | Lair:6   | HP: 6/122 [blink frog (5)]
 15089 | Lair:6   | Found a runed door.
 15094 | Lair:6   | Found a viscous altar of Jiyva.
 15094 | Lair:6   | Found a staircase to the Slime Pits.
 15094 | Lair:6   | Noticed an acid blob
 16089 | D:11     | Reached ****** piety under Lugonu
 16089 | D:11     | Killed Harold
 16204 | D:11     | Noticed Erolcha
 16210 | D:11     | Killed Erolcha
 16424 | D:11     | Noticed Psyche
 16434 | D:11     | Killed Psyche
 16444 | D:11     | Found a staircase to the Orcish Mines.
 16528 | D:11     | Got a polished short sword
 16529 | D:11     | Identified the +7 short sword of Cheese {pain, *Drain rPois Str-4 Dex+8} (You found it on level 11 of the Dungeon)
 16684 | D:11     | Noticed Erica
 16690 | D:11     | Killed Erica
 16896 | D:12     | Noticed Josephine
 16924 | D:12     | Killed Josephine
 17012 | D:12     | Noticed Nessos
 17027 | D:12     | Noticed Gastronok
 17031 | D:12     | Killed Nessos
 17046 | D:12     | Reached XP level 15. HP: 73/130 MP: 23/23
 17052 | D:12     | Killed Gastronok
 17095 | D:12     | Noticed Snorg
 17140 | D:12     | Killed Snorg
 17158 | D:12     | Found a flagged portal.
 17172 | Bailey   | Entered a bailey
 17190 | Bailey   | Noticed an orc warlord
 17211 | Bailey   | Noticed Aksej's ghost (novice DsGl)
 17264 | Bailey   | Found a runed gate.
 17264 | Bailey   | Found a runed gate.
 17288 | Bailey   | Found a runed gate.
 17346 | Bailey   | Killed an orc warlord
 17346 | Bailey   | Reached skill level 15 in Axes
 17361 | Bailey   | Killed Aksej's ghost
 17507 | D:12     | Noticed Frances
 17524 | D:12     | Killed Frances
 17596 | Orc:1    | Entered Level 1 of the Orcish Mines
 17820 | Orc:2    | Entered Level 2 of the Orcish Mines
 17963 | Orc:2    | Noticed an orc warlord
 18314 | Orc:2    | Banished an orc warlord
 18518 | Orc:2    | Found Yqadacesk's Distillery.
 18541 | Orc:2    | Mangled by an orc warrior

Skill      XL: |  1  2  3  4  5  6  7  8  9 10 11 12 13 14 15 |
---------------+----------------------------------------------+-----
Armour         | 2 3 4 6 7 9 10 11 12 | 12.5
Axes           | 2 3 4 5 6 8 9 11 12 13 14 15 | 15.3
Fighting       | 4 5 6 7 8 9 10 11 | 11.6
Invocations    | 3 4 6 7 9 10 11 12 | 12.5
Dodging        | 1 2 3 |  3.2
Evocations     | |  0.6

Action                   |  1- 3 |  4- 6 |  7- 9 | 10-12 | 13-15 || total
-------------------------+-------+-------+-------+-------+-------++-------
Melee: Hand axe          |    57 |   162 |       |       |       ||   219
       War axe           |       |     5 |   280 |       |       ||   285
       Battleaxe         |       |       |    55 |   518 |   838 ||  1411
Throw: Javelin           |       |       |       |       |     1 ||     1
Invok: Depart the Abyss  |     1 |       |       |     1 |       ||     2
       Banish            |       |       |       |     4 |    12 ||    16
       Bend Space        |       |       |       |       |     1 ||     1
 Abil: Evoke Flight      |       |       |       |     1 |       ||     1
Evoke: Wand              |       |       |     2 |       |       ||     2
  Use: Scroll            |       |     4 |    14 |    13 |    16 ||    47
       Potion            |       |       |       |     4 |    12 ||    16
 Stab: Petrifying        |       |       |       |       |     1 ||     1
       Petrified         |       |       |       |       |     1 ||     1
  Eat: Chunk             |     6 |    22 |    25 |   114 |   211 ||   378
Armor: Chain mail        |    40 |       |   112 |   438 |   746 ||  1336
       Plate armour      |    27 |   127 |   206 |       |       ||   360
Dodge: Dodged            |    15 |    57 |   142 |   291 |   565 ||  1070
